 Dungeon Crawl Stone Soup version 0.27.0-1-g7a089689b8 (webtiles) character file.

Game seed: 8375957299709337542

180 Anothat the Skirmisher (level 5, -9/52 HPs)
             Began as a Gargoyle Fighter on July 31, 2021.
             Killed by divine providence
             ... invoked by an orc priest
              (10 damage)
             ... on level 2 of the Dungeon.
             The game lasted 00:03:24 (2577 turns).

Anothat the Skirmisher (Gargoyle Fighter)           Turns: 2577, Time: 00:03:25

Health: -9/52      AC: 22    Str: 19 (21) XL:     5   Next: 60%
Magic:  5/5        EV:  2    Int:  6 (8)  God:
Gold:   104        SH:  9    Dex:  6 (9)  Spells: 4/4 levels left

rFire    . . .     SeeInvis .   a - +0 flail
rCold    . . .     Faith    .   c - +0 kite shield
rNeg     + + +     Spirit   .   (armour currently unavailable)
rPois    ∞         Reflect  .   (helmet currently unavailable)
rElec    .         Harm     .   (cloak currently unavailable)
rCorr    .         Rampage  .   (gloves currently unavailable)
Will     .....     NoTele   +   (boots currently unavailable)
Stlth    +.........             (no amulet)
HPRegen  0.17/turn              (no ring)
MPRegen  0.09/turn              (no ring)

@: tree-form, hasted, very quick
A: stationary, stasis, torment immunity, boosted hp, sickness immunity, AC +4,
negative energy resistance 1, (electricity resistance), torment resistance 1,
petrification resistance
a: no special abilities


You were on level 2 of the Dungeon.
You were a tree.
You visited 1 branch of the dungeon, and saw 3 of its levels.

You collected 104 gold pieces.

Inventory:

Hand Weapons
 a - a +0 flail (weapon)
Missiles
 l - 3 javelins (quivered)
Armour
 b - a +0 scale mail (melded)
 c - a +0 kite shield (worn)
 j - a +0 tower shield
 n - a +0 pair of gloves (melded)
Jewellery
 e - an amulet of faith
Scrolls
 f - a scroll of teleportation {unknown}
Potions
 h - a potion of brilliance


   Skills:
 * Level 5.3 Fighting
 + Level 3.2 Maces & Flails
 - Level 3.2 Armour
 + Level 4.3 Shields


You had 4 spell levels left.
You didn't know any spells.
Your spell library was empty.

Dungeon Overview and Level Annotations

Branches:
Dungeon (3/15)

Altars:

Shops:
D:1 (


Innate Abilities, Weirdness & Mutations

You are a tree.
Your roots penetrate the ground, keeping you stationary.
You cannot be teleported.
You are immune to unholy pain and torment.
Your maximum health is greatly increased.
Your equipment is partially melded.
You are immune to sickness and miasma.
((Your stone body is resilient. (AC +4)))
You are immune to poison.
You resist negative energy. (rN+)
((You are resistant to electric shocks. (rElec)))
You are resistant to unholy torment.
You are immune to petrification.


Message History

You block the orc priest's attack.
The orc hits you with a +2 hand axe of flaming.
* * * LOW HITPOINT WARNING * * *
The orc burns you.
* * * LOW HITPOINT WARNING * * *
It was a potion of haste.
You feel yourself speed up. Something hits you.
* * * LOW HITPOINT WARNING * * *
You block the orc priest's attack. The orc barely misses you.
It was a potion of lignification.
You turn into a tree.
Your +0 pair of gloves melds into your body.
Your +0 scale mail melds into your body.
Your roots penetrate the ground.
Something hits you but does no damage. You block the orc priest's attack.
You barely miss the orc priest. You block the orc's attack.
Something hits you but does no damage. You block the orc priest's attack.
You sock the orc priest!
The orc priest is heavily wounded.
You block the orc's attack.
You hear some strange, mumbled words.
A puff of flame appears from out of thin air!
You block the puff of flame.
The orc priest hits you with a +0 flail.
* * * LOW HITPOINT WARNING * * *
You barely miss the orc priest.
The orc priest is heavily wounded.
The orc hits you but does no damage. Something hits you but does no damage.
The orc priest hits you but does no damage.
You hit the orc priest but do no damage.
The orc priest is heavily wounded.
You block the orc's attack. Something hits you.
* * * LOW HITPOINT WARNING * * *
You closely miss the orc priest.
The orc priest is heavily wounded.
You block the orc priest's attack. You block the orc's attack.
You hit the orc priest.
The orc priest is severely wounded.
Something hits you but does no damage.
The orc priest mumbles some strange prayers to Beogh against you.
Beogh smites you!
You die...

#....#.#.#.# #.#
#..........####### ##.##
########.##......#####...###
#......................###
#.##.##................#..
##.##.##...........###.....
##.....##..)........# #..#..
#.......#.o†........###..###
#...###.#.{♣o..#.##.....##
#.........######.......##
#....##.### ##.#.#.##.##
#.##.##.# ##.###..#...#
#.......#####.## ##...#.#
####.####......###..#...#
####.# #.#.###.#.##.#.####
##.##.# ##.###
##.##.###.#.##
##...#####...## ###.##
##.#..


You could see an orc priest and an orc.

Vanquished Creatures
  2 hounds
  An orc wizard (D:2)
  3 adders
  A worm (D:2)
  3 dart slugs
  An orc (D:3)
  5 endoplasms
  5 giant cockroaches
  4 goblins
  6 hobgoblins
  6 jackals (D:1)
  A quokka (D:2)
  4 ball pythons (D:1)
  4 bats
  5 frilled lizards
  4 kobolds
  6 rats
61 creatures vanquished.

Vanquished Creatures (others)
  33 plants (D:3)
33 creatures vanquished.

Grand Total: 94 creatures vanquished

Notes
Turn   | Place    | Note
-------+----------+-------------------------------------------
     0 | D:1      | Anothat the Gargoyle Fighter began the quest for the Orb.
     0 | D:1      | Reached XP level 1. HP: 14/14 MP: 1/1
   184 | D:1      | Reached XP level 2. HP: 20/20 MP: 2/2
   199 | D:1      | Noticed a golden eye
   201 | D:1      | Found a faded altar of an unknown god.
   202 | D:1      | Noticed a shining eye
   202 | D:1      | Noticed a great orb of eyes
   202 | D:1      | Noticed a great orb of eyes
   763 | D:1      | Found Obudatse's Weapon Boutique.
   767 | D:1      | Reached skill level 4 in Fighting
   767 | D:1      | Reached XP level 3. HP: 24/24 MP: 3/3
  1456 | D:2      | Reached XP level 4. HP: 24/30 MP: 4/4
  2231 | D:3      | Reached XP level 5. HP: 34/34 MP: 5/5
  2310 | D:3      | Reached skill level 5 in Fighting
  2575 | D:2      | HP: 1/52 [something (2)]
  2577 | D:2      | Killed from afar by an orc priest

Illustrated notes

Levels and vault maps discovered:
D:1:      tarquinn_simple_flora_water_f, layout_basic,
          hellmonk_ecumenical_altar_watching_god, serial_shops,
          nicolae_shop_temple_entry_statues_fountains
D:2:      layout_loops_cross, chequers_serial_rivers_small_b,
          minmay_misc_feat_tower, minmay_distorted
D:3:      layout_loops_corners, nicolae_dithmenos_through_a_glass_darkly,
          roderic_serpentine_path, serial_bayou_lagoon_a,
          amcnicky_mini_rare_corridor_liquid, minmay_quantized

Skill      XL: |  1  2  3  4  5 |
---------------+----------------+-----
Fighting       | 4 5 |  5.3
Maces & Flails | 3 |  3.2
Shields        | 4 |  4.3
Armour         | |  3.2

Action                   |  1- 3 |  4- 6 || total
-------------------------+-------+-------++-------
Melee: Flail             |   166 |   110 ||   276
  Use: Potion            |       |     7 ||     7
Armor: Scale mail        |   133 |    65 ||   198
       Skin              |       |     6 ||     6
Dodge: Dodged            |    57 |    45 ||   102
Block: Kite shield       |   101 |    85 ||   186
